 Dungeon Crawl Stone Soup version 0.28.0-47-ge53b351184 (webtiles) character file.

Game seed: 16531791453133782728

89 Eitelfritz the Sneak (level 4, 0/27 HPs)
             Began as a Kobold Brigand on Apr 26, 2022.
             Slain by a scorpion (1 damage)
             ... on level 3 of the Dungeon.
             The game lasted 00:03:01 (1794 turns).

Eitelfritz the Sneak (Kobold Brigand)               Turns: 1794, Time: 00:03:02

Health: 0/27       AC:  5    Str:  8    XL:     4   Next: 84%
Magic:  4/4        EV: 14    Int: 12    God:
Gold:   118        SH:  0    Dex: 18    Spells: 3/3 levels left

rFire   . . .      SeeInvis .   a - +2 dagger
rCold   . . .      Faith    .   (no shield)
rNeg    . . .      Spirit   .   b - +0 robe
rPois   .          Reflect  .   (no helmet)
rElec   .          Harm     .   c - +0 cloak
rCorr   .          Rampage  +   (no gloves)
Will    .....                   t - +1 pair of boots {rampage}
Stlth   +++++.....              (no amulet)
HPRegen 0.09/turn               s - ring of flight
MPRegen 0.09/turn               (no ring)

@: lethally poisoned (0 -> -10), flying
A: small, no large weapons, nightstalker 3
a: no special abilities


You were on level 3 of the Dungeon.
You visited 1 branch of the dungeon, and saw 3 of its levels.

You collected 118 gold pieces.

Inventory:

Hand Weapons
 a - a +2 dagger (weapon)
Missiles
 d - 11 poisoned darts (quivered)
 e - 2 curare-tipped darts
Armour
 b - a +0 robe (worn)
 c - a +0 cloak (worn)
 t - a +1 pair of boots of rampaging (worn)
Jewellery
 s - a ring of flight (left hand)
Scrolls
 h - 2 scrolls of teleportation {unknown}
 j - 2 scrolls of magic mapping {unknown}
 k - a scroll of identify {unknown}
 l - a scroll of silence {unknown}
 o - a scroll of immolation {unknown}
 q - a scroll of fear {unknown}
Potions
 f - a potion of magic {unknown}
 g - a potion of flight {unknown}
 i - 2 potions of heal wounds {unknown}
 m - a potion of ambrosia {unknown}
 n - a potion of cancellation {unknown}
 p - a potion of curing {unknown}
 r - a potion of lignification {unknown}


   Skills:
 + Level 2.6 Fighting
 + Level 3.6 Short Blades
 + Level 2.2 Throwing
 + Level 1.6 Dodging
 + Level 7.2 Stealth


You had 3 spell levels left.
You didn't know any spells.
Your spell library contained the following spells:

 Spells                   Type           Power      Damage    Failure   Level
 Beastly Appendage        Tmut           0%         N/A       32%         1
 Wereblood                Tmut           0%         N/A       45%         2
 Spider Form              Tmut/Pois      0%         N/A       69%         3


Dungeon Overview and Level Annotations

Branches:
Dungeon (3/15)

Altars:


Innate Abilities, Weirdness & Mutations

You are small and have problems with some larger weapons.
You are completely attuned to the shadows.


Message History

You hit the scorpion but do no damage.
The scorpion is heavily wounded.
The scorpion stings you.
You barely miss the scorpion.
The scorpion is heavily wounded.
The scorpion stings you.
You closely miss the scorpion.
The scorpion is heavily wounded.
The scorpion stings you.
You are poisoned.
The scorpion poisons you!
You hit the scorpion but do no damage.
The scorpion is heavily wounded.
You feel sick.
You hit the scorpion but do no damage.
The scorpion is heavily wounded.
You feel sick. The scorpion closely misses you.
You hit the scorpion. Your punch misses the scorpion.
The scorpion is severely wounded.
You feel sick. The scorpion misses you.
You hit the scorpion but do no damage.
The scorpion is severely wounded.
You feel sick. The scorpion stings you.
You hit the scorpion but do no damage.
The scorpion is severely wounded.
The scorpion barely misses you.
You hit the scorpion but do no damage.
The scorpion is severely wounded.
You feel sick. The scorpion misses you.
You hit the scorpion but do no damage.
The scorpion is severely wounded.
You feel sick. The scorpion stings you.
* * * LOW HITPOINT WARNING * * *
You are lethally poisoned!
The scorpion poisons you!
You hit the scorpion but do no damage.
The scorpion is heavily wounded.
* * * LOW HITPOINT WARNING * * *
You feel sick. The scorpion stings you.
You die...

#.### ##
#.##### #.
#.....# #####.
#.###...#..
...†..
?.......#.##.
.####.
..<.......$...
#.
........###..#
#. ....[..(##
#.. #.
...s@....$. #.
###.#..?###
#.#.### ..
#.#.# #. ..#.#
#.


You could see a scorpion.

Vanquished Creatures
  4 adders
  3 dart slugs
  4 ball pythons
  4 endoplasms
  A giant cockroach (D:1)
  4 hobgoblins
  A quokka (D:3)
  6 bats
  7 frilled lizards
  7 goblins
  5 kobolds
  2 rats
48 creatures vanquished.

Notes
Turn   | Place    | Note
-------+----------+-------------------------------------------
     0 | D:1      | Eitelfritz the Kobold Brigand began the quest for the Orb.
     0 | D:1      | Reached XP level 1. HP: 12/12 MP: 1/1
   283 | D:1      | Found a faded altar of an unknown god.
   363 | D:1      | Reached XP level 2. HP: 11/17 MP: 2/2
   554 | D:1      | Reached skill level 6 in Stealth
   647 | D:1      | Reached XP level 3. HP: 10/22 MP: 3/3
  1202 | D:2      | Reached XP level 4. HP: 27/27 MP: 4/4
  1668 | D:3      | Reached skill level 7 in Stealth
  1773 | D:3      | Noticed a scorpion
  1794 | D:3      | HP: 1/27 [poisoned by a scorpion]
  1794 | D:3      | Slain by a scorpion

Illustrated notes

Levels and vault maps discovered:
D:1:      dpeg_arrival_short_road, layout_basic,
          hellmonk_ecumenical_altar_inner_sanctum, minmay_lizard_pond
D:2:      layout_basic
D:3:      layout_rooms, minmay_surrounded, uniq_grinder

Skill      XL: |  1  2  3  4 |
---------------+-------------+-----
Stealth        | 6 7 |  7.2
Short Blades   | 3 |  3.6
Fighting       | |  2.6
Throwing       | |  2.2
Dodging        | |  1.6

Action                   |  1- 3 |  4- 6 || total
-------------------------+-------+-------++-------
Melee: Dagger            |    63 |    55 ||   118
       Punch             |     2 |       ||     2
 Stab: Sleeping          |    14 |     9 ||    23
       Distracted        |       |     2 ||     2
Armor: Robe              |     4 |     5 ||     9
Dodge: Dodged            |    26 |    26 ||    52
